 Dungeon Crawl Stone Soup version 0.30.0-29-ga12c61a403 (webtiles) character file.

Game seed: 2056401320394644878

496 FishyPogo the Changer (level 6, -5/43 HPs)
             Began as a Demonspawn Transmuter on June 11, 2023.
             Slain by a black bear (8 damage)
             ... on level 4 of the Dungeon on June 13, 2023.
             The game lasted 00:14:30 (3107 turns).

FishyPogo the Changer (Demonspawn Transmuter)       Turns: 3107, Time: 00:14:31

Health: -5/43      AC:  2    Str: 10    XL:     6   Next: 93%
Magic:  8/9        EV: 34    Int: 16    God:
Gold:   8          SH:  0    Dex: 19    Spells: 3/9 levels left

rFire   . .          .
                       - Unarmed
rCold   . . .        (shield currently unavailable)
rNeg    . . .        n - melded +0 robe
rPois   x            (helmet currently unavailable)
rElec   .            u - melded +2 cloak
rCorr   .            (gloves currently unavailable)
SInv    .            (boots currently unavailable)
Will    .....        i - amulet of the acrobat
Stlth   ++           p - ring of flight
HPRegen 0.27/turn    (no ring)
MPRegen 0.22/turn

%: acrobat
@: spider-form (expiring), acrobatic, flying
A: venomous fangs, tiny, magic regeneration, (weakness stinger 1), (demonic
touch 2)
a: End Transformation


You were on level 4 of the Dungeon.
You were a venomous arachnid creature.
You visited 1 branch of the dungeon, and saw 4 of its levels.

You collected 242 gold pieces.
You spent 234 gold pieces at shops.

Inventory:

Hand Weapons
 b - the +4 scimitar of Uro Boaff {antimagic, rN+ Str-5 Dex+3}
   (You bought it in a shop on level 3 of the Dungeon)

   Str:       It affects your strength (-5).
   Dex:       It affects your dexterity (+3).
   rN:        It protects you from negative energy.
Missiles
 c - 37 stones
 r - a throwing net
 v - 3 boomerangs
Armour
 n - a +0 robe (melded)
 u - a +2 cloak (melded)
Magical Staves
 a - a staff of death
 q - a staff of cold
Jewellery
 i - an amulet of the acrobat (around neck)
 p - a ring of flight (left front pincers)
Scrolls
 f - 2 scrolls of teleportation {unknown}
 h - a scroll of identify {unknown}
 j - a scroll of amnesia {unknown}
 o - a scroll of poison {unknown}
 t - 3 scrolls of fear {unknown}
Potions
 d - a potion of degeneration
 e - a potion of resistance {unknown}
 g - a potion of might {unknown}
 k - 3 potions of cancellation {unknown}
 l - 3 potions of heal wounds {unknown}
 m - a potion of mutation {unknown}
 s - a potion of curing {unknown}
 w - a potion of ambrosia {unknown}
 x - a potion of attraction {unknown}
 y - a potion of lignification


   Skills:
 - Level 1.0 Fighting
 - Level 2.0 Dodging
 - Level 3.0 Unarmed Combat
 + Level 2.3 Spellcasting
 + Level 3.1 Necromancy
 * Level 4.8 Transmutations
 + Level 1.1 Ice Magic
 + Level 2.8 Evocations


You had 3 spell levels left.
You knew the following spells:

 Your Spells              Type           Power      Damage    Failure   Level
a - Beastly Appendage     Tmut           34%        N/A       10%         1
b - Wereblood             Tmut           17%        N/A       13%         2
c - Spider Form           Tmut/Pois      9%         N/A       43%         3

Your spell library contained the following spells:

 Spells                   Type           Power      Damage    Failure   Level
 Ensorcelled Hibernation  Hex/Ice        6%         N/A       45%         2
 Lesser Beckoning         Tloc           2%         N/A       52%         2
 Gell's Gravitas          Tloc           1%         N/A       73%         3
 Teleport Other           Tloc           1%         N/A       73%         3
 Ice Form                 Ice/Tmut       11%        N/A       71%         4
 Anguish                  Hex/Necr       3%         N/A       87%         4


Dungeon Overview and Level Annotations

Branches:
Dungeon (4/15)
 Temple: D:4-7

Altars:
Okawaru

Shops:
D:3 !(*   D:4 *


Innate Abilities, Weirdness & Mutations

You are a venomous arachnid creature.
You have venomous fangs.
You are tiny and dextrous.
Your spellcasting is less reliable in this form.
Your armour is entirely melded.
You are incapable of wielding weapons or throwing items.
You regenerate magic rapidly.
((You have a small tail.))
((Your touch may inflict irresistible damage on your foes.))


Message History

The gnoll shouts!
The goblin shouts!
The gnoll completely misses you.
There is a stone staircase leading up here.
The gnoll misses you.
The black bear growls angrily.
You hit the gnoll.
The gnoll is poisoned.
The gnoll is lightly wounded.
The goblin barely misses you. The gnoll hits you with a +0 spear!
You hit the gnoll.
The gnoll is heavily wounded.
The black bear barely misses you. x2; The black bear claws you.
The goblin completely misses you. The gnoll hits you with a +0 spear.
You bite the gnoll!
You kill the gnoll!
Your transformation is almost over.
The black bear bites you. The black bear claws you.
The black bear barely misses you. The goblin hits you with a +0 dagger.
You hit the goblin.
You kill the goblin!
The black bear misses you. x3
You hit the black bear but do no damage.
The black bear bites you. The black bear claws you. x2
You hit the black bear.
The black bear is poisoned.
The black bear is lightly wounded.
The black bear misses you. The black bear claws you. The black bear misses you.
You hit the black bear but do no damage.
The black bear is lightly wounded.
The black bear bites you.
* * * LOW HITPOINT WARNING * * *
The black bear claws you.
* * * LOW HITPOINT WARNING * * *
The black bear claws you.
* * * LOW HITPOINT WARNING * * *
The black bear bites you.
* * * LOW HITPOINT WARNING * * *
The black bear misses you. The black bear completely misses you.
You see here a +0 dagger.
The black bear attacks as you move away!
The black bear bites you!
You die...

#### #
###..##
....##.)...##
#.....∩†...)#
###....###h.#
.# #...##
#.### .. ####
.


You could see a black bear (very poisoned).

Vanquished Creatures
  Grinder (D:3)
  A hound (D:4)
  An orc priest (D:3)
  Crazy Yiuf (D:2)
  Jessica (D:3)
  8 gnolls
  2 adders (D:3)
  2 worms
  2 dart slugs
  11 orcs (D:3)
  2 endoplasms
  A giant cockroach (D:2)
  7 hobgoblins
  2 jackals (D:4)
  3 quokkas
  6 ball pythons
  4 bats
  2 frilled lizards (D:3)
  8 goblins
  4 kobolds
  7 rats
76 creatures vanquished.

Notes
Turn   | Place    | Note
-------+----------+-------------------------------------------
     0 | D:1      | FishyPogo the Demonspawn Transmuter began the quest for the
                  | Orb.
     0 | D:1      | Reached XP level 1. HP: 15/15 MP: 3/3
   221 | D:1      | Reached skill level 2 in Transmutations
   336 | D:1      | Discovered your monstrous ancestry.
   336 | D:1      | Gained mutation: Your touch may inflict minor irresistible
                  | damage on your foes. [demonic ancestry]
   336 | D:1      | Reached XP level 2. HP: 21/21 MP: 3/5
   969 | D:2      | Learned a level 2 spell: Wereblood
  1013 | D:1      | Gained mutation: You have a small tail. [demonic ancestry]
  1013 | D:1      | Reached XP level 3. HP: 19/26 MP: 4/6
  1121 | D:2      | Reached skill level 1 in Necromancy
  1121 | D:2      | Reached skill level 3 in Transmutations
  1123 | D:2      | Reached skill level 1 in Evocations
  1123 | D:2      | Reached XP level 4. HP: 20/32 MP: 5/7
  1692 | D:2      | Found a runed translucent door.
  1693 | D:2      | Noticed Crazy Yiuf
  1701 | D:2      | Killed Crazy Yiuf
  1893 | D:3      | Found Fienlulun's Distillery.
  1945 | D:3      | Noticed Grinder
  1965 | D:3      | Killed Grinder
  1966 | D:3      | Reached skill level 4 in Transmutations
  1966 | D:3      | Gained mutation: You regenerate magic rapidly. [demonic
                  | ancestry]
  1966 | D:3      | Reached XP level 5. HP: 12/37 MP: 6/8
  1966 | D:3      | Gained mutation: Your touch may inflict irresistible damage
                  | on your foes. [demonic ancestry]
  1966 | D:3      | Reached XP level 6. HP: 14/43 MP: 6/9
  2291 | D:3      | Found Sezu's Assorted Antiques.
  2526 | D:3      | Noticed Jessica
  2533 | D:3      | Killed Jessica
  2607 | D:3      | Found an iron altar of Okawaru.
  2780 | D:3      | Bought a smoking scimitar for 234 gold pieces
  2780 | D:3      | Identified the +4 scimitar of Uro Boaff {antimagic, rN+
                  | Str-5 Dex+3} (You bought it in a shop on level 3 of the
                  | Dungeon)
  2801 | D:3      | Found Bunwuq's Weapon Emporium.
  2936 | D:3      | Learned a level 3 spell: Spider Form
  2988 | D:4      | Found Cyfaasm's General Store.
  3012 | D:4      | Reached skill level 1 in Ice Magic
  3107 | D:4      | Slain by a black bear

Illustrated notes

Levels and vault maps discovered:
D:1:      dpeg_arrival_line_fractal, layout_loops_ring,
          corexii_item_surrounded_by_moat, minmay_misc_feat_diagonals
D:2:      layout_loops_ring, uniq_crazy_yiuf_cottage
D:3:      layout_loops_ring, okawaru_metal_pillars_1_2, serial_shops,
          nicolae_shop_trees, nicolae_shop_hallway_plus, nicolae_shop_trees,
          uniq_jessica, uniq_grinder
D:4:      layout_layer_cave, serial_shops, shop, dk_vineyard_1

Skill      XL: |  1  2  3  4  5  6 |
---------------+-------------------+-----
Transmutations | 2 3 4 |  4.8
Dodging        | 2 |  2.0
Unarmed Combat | 3 |  3.0
Necromancy     | 1 2 3 |  3.1
Evocations     | 1 2 |  2.8
Ice Magic      | 1 |  1.1
Fighting       | |  1.0
Spellcasting   | |  2.3

Action                     |  1- 3 |  4- 6 || total
---------------------------+-------+-------++-------
  Melee: Unarmed           |    52 |   121 ||   173
         Kick              |    19 |    30 ||    49
         Headbutt          |     7 |    20 ||    27
         Touch             |     7 |    11 ||    18
         Punch             |     1 |     3 ||     4
         Tailslap          |     2 |    15 ||    17
   Cast: Beastly Appendage |    20 |    31 ||    51
         Wereblood         |       |     2 ||     2
         Spider Form       |       |     1 ||     1
    Use: Potion            |     1 |       ||     1
   Stab: Sleeping          |     2 |     2 ||     4
 Armour: Robe              |     5 |    15 ||    20
  Dodge: Dodged            |    44 |    99 ||   143
